 Dungeon Crawl Stone Soup version 0.19.1-1-g22dce08 (webtiles) character file.

8059 Nebel the Tortoise (level 11, -3/106 HPs)
             Began as a Minotaur Fighter on Jan 9, 2017.
             Was an Elder of Okawaru.
             Slain by a five-headed hydra (10 damage)
             ... on level 2 of the Lair of Beasts.
             The game lasted 00:27:46 (10060 turns).

Nebel the Tortoise (Minotaur Fighter)              Turns: 10060, Time: 00:27:47

Health: -3/106     AC: 26    Str: 24    XL:     11   Next: 4%
Magic:  8/10       EV:  9    Int:  5    God:    Okawaru [****..]
Gold:   571        SH: 12    Dex: 10    Spells: 0 memorised, 10 levels left

rFire  . . .     SeeInvis +     z - +1 trident (pierce)
rCold  . . .     Gourm    .     u - +0 plate armour
rNeg   . . .     Faith    .     c - +0 shield
rPois  .         Spirit   .     (helmet restricted)
rElec  .         Reflect  .     j - +1 cloak
rCorr  .         Harm     .     r - +0 pair of gloves
MR     .....                    I - +1 pair of boots {Stlth+}
Stlth  ..........               (no amulet)
                                L - ring of see invisible
                                A - ring of wizardry

@: heroism
A: retaliatory headbutt, horns 2
a: Heroism, Renounce Religion


You were on level 2 of the Lair of Beasts.
You worshipped Okawaru.
Okawaru was greatly pleased with you.
You were not hungry.

You visited 3 branches of the dungeon, and saw 11 of its levels.

You collected 571 gold pieces.

Inventory:

Hand Weapons
 z - a +1 trident of piercing (weapon)
 D - a +1 trident of freezing
Armour
 c - a +0 shield (worn)
 j - a +1 cloak (worn)
 r - a +0 pair of gloves (worn)
 u - a +0 plate armour (worn)
 I - a +1 pair of boots of stealth (worn)
Jewellery
 A - a ring of wizardry (left hand)
 L - a ring of see invisible (right hand)
 M - an uncursed ring of stealth {unknown}
Wands
 a - a wand of heal wounds (2/9)
 k - a wand of lightning (5/15)
 F - a wand of digging (11/24)
Scrolls
 d - 2 scrolls of recharging {unknown}
 e - 7 scrolls of identify
 g - a scroll of magic mapping {unknown}
 n - 3 scrolls of teleportation {unknown}
 o - 3 scrolls of amnesia {unknown}
 q - 2 scrolls of remove curse {unknown}
 s - 2 scrolls of immolation {unknown}
 t - a scroll of noise {unknown}
 x - 2 scrolls of fear {unknown}
 y - a scroll of random uselessness {unknown}
 B - a scroll of vulnerability {unknown}
Potions
 b - 4 potions of curing
 i - a potion of berserk rage {unknown}
 p - a potion of lignification
 v - 3 potions of brilliance
 w - 3 potions of ambrosia
 C - 2 potions of agility
 E - 2 potions of heal wounds
 H - a potion of haste
Books
 G - a book of Misfortune

   Spells                             Type                      Level
   a - Confusing Touch                Hexes                        1
   b - Confuse                        Hexes                        3
   c - Gell's Gravitas                Hexes/Translocation          3
   d - Petrify                        Transmutation/Earth          4
   e - Metabolic Englaciation         Hexes/Ice                    5
   f - Yara's Violent Unravelling     Hexes/Transmutation          5
 J - the Reference Book on Venomous Fire
   (You found it on level 7 of the Dungeon)

   Spells                             Type                      Level
   a - Flame Tongue                   Conjuration/Fire             1
   b - Conjure Flame                  Conjuration/Fire             3
   c - Spider Form                    Transmutation/Poison         3
   d - Poisonous Cloud                Conjuration/Poison/Air       6
   e - Ring of Flames                 Charms/Fire                  7
 N - a book of Debilitation

   Spells                             Type                      Level
   a - Corona                         Hexes                        1
   b - Slow                           Hexes                        2
   c - Gell's Gravitas                Hexes/Translocation          3
   d - Inner Flame                    Hexes/Fire                   3
   e - Cause Fear                     Hexes                        4
   f - Leda's Liquefaction            Hexes/Earth                  4
Comestibles
 f - 6 bread rations
 h - 5 meat rations
 l - 2 beef jerkies
 m - 5 fruits
 K - a slice of pizza


   Skills:
 + Level 12.9(17.9) Fighting
   Level 3.0(8.0) Maces & Flails
 - Level 15.1(20.1) Armour
 - Level 4.2(9.2) Shields


You had 10 spell levels left.
You didn't know any spells.

Dungeon Overview and Level Annotations

Branches:
Dungeon (8/15)             Temple (1/1) D:7            Lair (2/6) D:8
  Swamp (0/4) Lair:2       Spider (0/4) Lair:2

Altars:
Ashenzari
Dithmenos
Fedhas
Gozag
Hepliaklqana
Kikubaaqudgha
Makhleb
Nemelex Xobeh
Okawaru
Qazlal
Ru
Sif Muna
Trog
Uskayaw
Xom
Yredelemnul
The Shining One

Shops:
D:8 [

Annotations:
D:6 Grinder


Innate Abilities, Weirdness & Mutations

You reflexively headbutt those who attack you in melee.
You have a pair of horns on your head.


Message History

The five-headed hydra barely misses you.
You block the five-headed hydra's attack.
The five-headed hydra bites you but does no damage. x2
You puncture the five-headed hydra! You headbutt the five-headed hydra.
The five-headed hydra is almost dead.
The five-headed hydra bites you!
* * * LOW HITPOINT WARNING * * *
The five-headed hydra bites you but does no damage.
You block the five-headed hydra's attack.
The five-headed hydra bites you but does no damage. x2
You hit the five-headed hydra but do no damage.
The five-headed hydra is almost dead.
The five-headed hydra barely misses you.
The five-headed hydra bites you but does no damage. x4
You hit the five-headed hydra.
The five-headed hydra is almost dead.
The five-headed hydra bites you.
* * * LOW HITPOINT WARNING * * *
The five-headed hydra bites you!
You die...

##.##.................#
#..PP.................#
......................#
.........#............#
.......P.##...P.......#
P###...P####..#.......#
#####..##.............#
.##PP.>.#.......D.....#
................@.....#
.#.....###............#
###.....##.........≈♣P# #
##...###..........≈♣♣##
####...# #..........P≈PP#
P##....###.........≈≈≈≈≈#
...................≈P≈P♣#
...................≈≈P♣#
...................≈≈P#


You could see a five-headed hydra.

Vanquished Creatures
  A hydra (Lair:1)
  An elephant (D:7)
  2 black mambas
  The ghost of ShansongY the Covered, a novice MiFi of Xom (D:5)
  A spiny frog (Lair:2)
  A komodo dragon (Lair:2)
  A two-headed ogre (D:8)
  Sigmund (D:3)
  A shadow (D:8)
  3 yaks (Lair:1)
  4 humans
  A basilisk (Lair:1)
  Menkaure (D:4)
  2 porcupines
  3 water moccasins
  3 ice beasts
  A sky beast (D:7)
  2 phantoms
  4 ogres
  A necrophage (D:8)
  2 centaurs
  A crocodile (Lair:1)
  7 bullfrogs
  A gnoll sergeant (D:8)
  A wyvern skeleton (D:7)
  7 wights
  An electric eel (Lair:2)
  3 crimson imps
  A centaur zombie (D:6)
  A bullfrog zombie (D:7)
  4 orc priests
  A bullfrog skeleton (D:7)
  4 hounds
  5 orc wizards
  Jessica (D:2)
  4 iguanas
  5 worker ants
  A hound skeleton (D:5)
  7 adders
  13 gnolls
  An adder skeleton (D:6)
  2 worms
  4 dart slugs
  3 leopard geckos
  33 orcs
  12 bats
  7 giant cockroaches
  10 goblins
  5 hobgoblins
  6 jackals
  10 kobolds
  4 quokkas
  2 frilled lizards
  A jackal zombie (D:5)
  A quokka skeleton (D:4)
  9 rats
215 creatures vanquished.

Vanquished Creatures (others)
  A fungus (Lair:2)
  2 plants (Lair:1)
3 creatures vanquished.

Grand Total: 218 creatures vanquished

Notes
Turn   | Place    | Note
-------+----------+-------------------------------------------
     0 | D:1      | Nebel the Minotaur Fighter began the quest for the Orb.
     0 | D:1      | Reached XP level 1. HP: 19/19 MP: 0/0
   146 | D:1      | Reached XP level 2. HP: 11/27 MP: 1/1
   596 | D:1      | Reached XP level 3. HP: 33/33 MP: 2/2
  1150 | D:2      | Reached skill level 5 in Fighting
  1150 | D:2      | Reached XP level 4. HP: 36/42 MP: 3/3
  1186 | D:2      | Found a faded altar of an unknown god.
  1634 | D:2      | Reached XP level 5. HP: 42/51 MP: 4/4
  1839 | D:2      | Noticed Jessica
  1844 | D:2      | Killed Jessica
  2177 | D:3      | Noticed Sigmund
  2187 | D:3      | Killed Sigmund
  2187 | D:3      | Reached XP level 6. HP: 44/61 MP: 5/5
  2631 | D:4      | Reached skill level 4 in Armour
  2732 | D:4      | Reached skill level 5 in Armour
  2732 | D:4      | Reached XP level 7. HP: 69/69 MP: 6/6
  3027 | D:4      | Noticed Menkaure
  3042 | D:4      | Killed Menkaure
  3042 | D:4      | Reached skill level 6 in Armour
  3553 | D:5      | Entered Level 5 of the Dungeon
  3562 | D:5      | Reached skill level 7 in Armour
  3612 | D:5      | Noticed ShansongY's ghost (novice MiFi)
  3665 | D:5      | Killed ShansongY's ghost
  3665 | D:5      | Reached skill level 9 in Armour
  3665 | D:5      | Reached XP level 8. HP: 37/75 MP: 7/7
  4093 | D:5      | Found a sacrificial altar of Ru.
  4310 | D:5      | Reached skill level 10 in Armour
  5344 | D:6      | Noticed Grinder
  5452 | D:6      | Reached skill level 11 in Armour
  5656 | D:6      | Reached skill level 12 in Armour
  5656 | D:6      | Reached XP level 9. HP: 82/82 MP: 8/8
  5678 | D:7      | Found a staircase to the Ecumenical Temple.
  5863 | D:7      | Reached skill level 13 in Armour
  6397 | Temple   | Entered the Ecumenical Temple
  6476 | Temple   | Became a worshipper of Warmaster Okawaru
  6544 | D:7      | Identified the Reference Book on Venomous Fire
  6568 | D:7      | Reached skill level 14 in Armour
  6705 | D:8      | Reached * piety under Okawaru
  6890 | D:8      | Found Vowky's Antique Armour Shop.
  7164 | D:8      | Reached XP level 10. HP: 86/89 MP: 9/9
  7175 | D:8      | Noticed an elephant
  7175 | D:8      | Found a staircase to the Lair.
  7214 | D:7      | Killed an elephant
  7214 | D:7      | Reached skill level 15 in Armour
  7643 | D:8      | Reached ** piety under Okawaru
  7863 | Lair:1   | Entered Level 1 of the Lair of Beasts
  8178 | Lair:1   | Reached skill level 10 in Fighting
  8212 | Lair:1   | Noticed a seven-headed hydra
  8232 | Lair:1   | Killed a seven-headed hydra
  8268 | Lair:1   | Noticed a black mamba
  8273 | Lair:1   | Killed a black mamba
  8273 | Lair:1   | Reached *** piety under Okawaru
  9112 | Lair:2   | Noticed a spiny frog
  9136 | Lair:2   | Killed a spiny frog
  9497 | Lair:2   | Found a staircase to the Swamp.
  9528 | Lair:2   | Noticed a black mamba
  9544 | Lair:2   | Killed a black mamba
  9544 | Lair:2   | Reached **** piety under Okawaru
  9735 | Lair:2   | Reached XP level 11. HP: 76/106 MP: 10/10
  9772 | Lair:2   | Found a hole to the Spider Nest.
  9800 | Lair:2   | Noticed a five-headed hydra
 10060 | Lair:2   | Slain by a five-headed hydra

Skill      XL: |  1  2  3  4  5  6  7  8  9 10 |
---------------+-------------------------------+-----
Shields        | 4 |  4.2
Maces & Flails | 3 |  3.0
Fighting       | 4 5 6 8 12 | 12.9
Armour         | 5 9 12 14 15 | 15.1

Action                   |  1- 3 |  4- 6 |  7- 9 | 10-12 || total
-------------------------+-------+-------+-------+-------++-------
Melee: Flail             |    90 |   155 |   169 |       ||   414
       Headbutt          |     9 |    24 |    74 |    45 ||   152
       Trident           |       |       |   290 |   185 ||   475
Invok: Heroism           |       |       |       |     1 ||     1
  Use: Potion            |       |     1 |     4 |     5 ||    10
       Scroll            |       |       |     5 |       ||     5
  Eat: Chunk             |     1 |     5 |    16 |     9 ||    31
Armor: Scale mail        |    38 |    48 |       |       ||    86
       Plate armour      |       |     3 |   218 |   154 ||   375
       Skin              |       |       |    14 |       ||    14
Dodge: Dodged            |    27 |    29 |    79 |    60 ||   195
Block: Shield            |    51 |    77 |   206 |   121 ||   455
